 Dungeon Crawl Stone Soup version 0.32-a0-422-g28b100f618 (webtiles) character file.

Game seed: 13374157996465186257

1879 Melum the Covert (level 9, 0/61 HPs)
             Began as an Octopode Shapeshifter on Feb 21, 2024.
             Was a Believer of Wu Jian.
             Slain by a sky beast (6 damage)
             ... on level 7 of the Dungeon.
             The game lasted 00:32:41 (6374 turns).

Melum the Covert (Octopode Shapeshifter)            Turns: 6374, Time: 00:32:41

Health: 0/61       AC:  1    Str: 17    XL:     9   Next: 14%
Magic:  9/9        EV: 14    Int: 12    God:    Wu Jian [**....]
Gold:   306        SH:  0    Dex: 12    Spells: 1/8 levels left

rFire   . .          .
                       - Unarmed
rCold   . . .        (no shield)
rNeg    + . .        E - melded +0 hat of Experimentation {Regen+}
rPois   .            x - amulet of magic regeneration
rElec   .            D - ring of willpower
rCorr   +            i - ring of resist corrosion
SInv    .            F - ring of positive energy
Will    +....        (no ring)
Stlth   +++++        (no ring)
HPRegen 0.30/turn    (no ring)
MPRegen 0.51/turn    (no ring)
                     (no ring)

%: no passive effects
@: about to teleport, beast-form
A: beast (slay +1), almost no armour, amphibious, 8 rings, camouflage 1,
gelatinous body 1, (nimble swimmer 1), tentacles
a: Begin Untransformation, Renounce Religion, Wall Jump


You were on level 7 of the Dungeon.
You worshipped Wu Jian.
Wu Jian was pleased with you.
You were a hulking beast.
You visited 1 branch of the dungeon, and saw 7 of its levels.
You also visited: Sewer and Ossuary.

You collected 460 gold pieces.
You spent 154 gold pieces at shops.

Inventory:

Hand Weapons
 e - a +0 dagger
 s - a +2 whip of pain
Missiles
 j - 33 poisoned darts (quivered)
 H - 6 atropa-tipped darts
 L - a curare-tipped dart
Armour
 E - the +0 hat of Experimentation (melded) {Regen+}
   (You bought it in a shop on level 5 of the Dungeon)

   Regen+:    It increases your rate of health regeneration.
Magical Staves
 b - a staff of alchemy
 B - a staff of fire
Jewellery
 i - a ring of resist corrosion (right tentacle)
 x - an amulet of magic regeneration (around mantle)
 D - a ring of willpower (left tentacle)
 F - a ring of positive energy (on tentacle)
Talismans
 c - a flux talisman
 r - a beast talisman (active)
Wands
 u - a wand of paralysis (6)
Scrolls
 d - 2 scrolls of enchant weapon {unknown}
 f - 4 scrolls of teleportation
 g - 2 scrolls of poison {unknown}
 h - 2 scrolls of torment {unknown}
 k - a scroll of amnesia {unknown}
 l - 2 scrolls of noise {unknown}
 o - 2 scrolls of vulnerability {unknown}
 q - 3 scrolls of immolation
 t - a scroll of summoning {unknown}
 y - 6 scrolls of fear {unknown}
 I - a scroll of revelation {unknown}
 K - a scroll of blinking {unknown}
Potions
 a - a potion of lignification
 m - 2 potions of mutation {unknown}
 n - 2 potions of invisibility {unknown}
 p - 2 potions of heal wounds {unknown}
 v - 3 potions of curing
 w - a potion of attraction
 z - 2 potions of enlightenment {unknown}
 A - a potion of magic {unknown}
 C - 3 potions of ambrosia {unknown}
 G - a potion of brilliance {unknown}
 J - a potion of might {unknown}


   Skills:
 - Level 5.0 Fighting
 - Level 5.0 Dodging
 - Level 10.0 Stealth
 - Level 5.0 Unarmed Combat
 + Level 4.8 Evocations
 - Level 3.0 Shapeshifting


You had one spell level left.
You knew the following spells:

 Your Spells              Type           Power      Damage    Failure   Level
a - Swiftness             Air            0%         N/A       69%         3
b - Manifold Assault      Tloc           0%         N/A       97%         4

Your spell library contained the following spells:

 Spells                   Type           Power      Damage    Failure   Level
 Magic Dart               Conj           0%         1d3       32%         1
 Shock                    Conj/Air       0%         1d3       32%         1
 Searing Ray              Conj           0%         2d4       45%         2
 Static Discharge         Conj/Air       0%         3-3/arc   45%         2
 Dazzling Flash           Conj/Hex       0%         N/A       69%         3
 Fugue of the Fallen      Necr           0%         N/A       69%         3
 Ozocubu's Armour         Ice            0%         N/A       69%         3
 Volatile Blastmotes      Fire/Tloc      0%         2d10      69%         3
 Airstrike                Air            0%         2d(0-16)  97%         4
 Fulminant Prism          Conj/Alch      0%         3d5       97%         4
 Summon Lightning Spire   Summ/Air       0%         N/A       97%         4
 Starburst                Conj/Fire      0%         6d3       100%        6
 Maxwell's Capacitive Co  Air            0%         ∞         100%        8
 Chain Lightning          Conj/Air       0%         N/A       100%        9
 Fire Storm               Conj/Fire      0%         5d1       100%        9
 Shatter                  Erth           0%         3d5*      100%        9


Dungeon Overview and Level Annotations

Branches:
Dungeon (7/15)             Temple (0/1) D:6           Sewer (visited)
Ossuary (visited)

Altars:
Ashenzari
Dithmenos
Elyvilon
Kikubaaqudgha
Makhleb
Nemelex Xobeh
Qazlal
Trog
Uskayaw
Vehumet
Wu Jian
Xom
The Shining One

Shops:
D:5 [

Annotations:
D:5 3 runed translucent doors, MadMike78's ghost, novice DrSh; ezpacito's ghost, novice DsCK; jamsaran's ghost, amateur DgAl; jestert79's ghost, novice CoHs
D:7 Pikel


Innate Abilities, Weirdness & Mutations

You are a hulking beast.
Your limbs bulge with bestial killing power. (Slay +1)
You cannot wear most types of armour.
You are amphibious.
You can wear up to eight rings at the same time.
Your skin changes colour to match your surroundings (Stealth+).
Your rubbery body absorbs attacks. (AC +1, EV +1)
((You are camouflaged when in or above water. (Stealth+)))
You have tentacles for arms and can constrict up to eight enemies at once.


Message History

An ogre comes into view. It is wielding a +0 giant spiked club.
The sky beast hits you. The sky beast shocks you.
The bombardier beetle barely misses you.
You tentacle-slap the bombardier beetle.
The bombardier beetle is severely wounded.
You constrict the bombardier beetle. The lemure hits you.
The sky beast barely misses you.
You tentacle-slap the bombardier beetle.
The bombardier beetle is almost dead.
You constrict the bombardier beetle, but do no damage.
The lemure closely misses you. The sky beast hits you.
The sky beast shocks you.
* * * LOW HITPOINT WARNING * * *
The bombardier beetle barely misses you.
You tentacle-slap the bombardier beetle.
You kill the bombardier beetle!
The Council accepts your kill. The lemure barely misses you.
The sky beast flickers out of sight!
Deactivating autopickup; reactivate with Ctrl-A.
Something hits you.
* * * LOW HITPOINT WARNING * * *
Something shocks you.
* * * LOW HITPOINT WARNING * * *
Okay, then.
As you read the scroll of teleportation, it crumbles to dust.
You feel strangely unstable. The orc hits you with a +0 mace.
* * * LOW HITPOINT WARNING * * *
The lemure closely misses you. Something barely misses you.
You bludgeon something!
Your tentacle-slap misses something.
The orc hits you with a +0 mace.
* * * LOW HITPOINT WARNING * * *
The orc wizard casts a spell.
The orc wizard flickers and vanishes!
The lemure hits you but does no damage. Something hits you but does no damage.
You closely miss something. The orc hits you with a +0 mace.
* * * LOW HITPOINT WARNING * * *
The lemure misses you. Something hits you.
* * * LOW HITPOINT WARNING * * *
Something shocks you.
You die...

#.#......####.#
##...#.......#.#
#......##.##[#.#
#.#.##.##.##.#.#
.......##.##...#
....##.##.##...#
..####.##.##.#.# #
..#. ........#K###.#
.... ..##.#.#.55h{O#
....##.##.#...5##o##
.......# ###.)# {o.
..###### ##5# o.#..
### #.# ### ## 55#
#.. ##


You could see Pikel, an ogre, 3 lemures, an orc wizard and 2 orcs.

Vanquished Creatures
  Sigmund (D:5)
  An ogre (D:5)
  A black bear (D:5)
  An ice beast (D:6)
  A centaur (D:6)
  A phantom (D:4)
  3 elf zombies (Ossuary)
  3 kobold brigands (Sewer)
  A weeping skull (Ossuary)
  A burial acolyte (Ossuary)
  4 bombardier beetles
  A centaur zombie (Ossuary)
  A hound (D:5)
  An orc priest (D:5)
  An orc wizard (D:5)
  4 hound zombies (Ossuary)
  2 mummies (Ossuary)
  10 adders
  7 river rats (Sewer)
  2 shadow imps
  2 white imps (D:6)
  3 dart slugs
  5 ribbon worms
  6 orcs
  4 ball pythons
  4 bats
  12 endoplasms
  5 giant cockroaches
  3 gnoll zombies (Ossuary)
  8 goblins
  5 hobgoblins
  3 jackals (D:1)
  4 quokkas
  4 frilled lizards
  A goblin zombie (D:4)
  11 kobolds
  7 orc zombies (Ossuary)
  A quokka zombie (D:4)
  9 rats
144 creatures vanquished.

Vanquished Creatures (others)
  An arcanist (D:6)
  A burial acolyte (Ossuary)
2 creatures vanquished.

Grand Total: 146 creatures vanquished

Notes
Turn   | Place    | Note
-------+----------+-------------------------------------------
     0 | D:1      | Melum the Octopode Shapeshifter began the quest for the
                  | Orb.
     0 | D:1      | Reached XP level 1. HP: 13/13 MP: 1/1
   129 | D:1      | Reached XP level 2. HP: 18/18 MP: 2/2
   260 | D:1      | Reached XP level 3. HP: 18/23 MP: 3/3
   936 | D:2      | Reached XP level 4. HP: 26/28 MP: 4/4
   965 | D:2      | Reached skill level 5 in Unarmed Combat
  1127 | D:2      | Found the +5 robe of Misfortune {Harm *Corrode *Slow EV+5}
  1376 | D:2      | You fall into a shaft and drop 1 floor!
  1484 | D:3      | Reached XP level 5. HP: 27/33 MP: 5/5
  2092 | D:3      | Learned a level 3 spell: Swiftness
  2616 | D:4      | Found a white marble altar of Elyvilon.
  2698 | D:4      | Found a sand-covered staircase.
  2822 | D:4      | Found an ornate altar of the Wu Jian Council.
  2822 | D:4      | Found a hide-covered altar of Uskayaw.
  2822 | D:4      | Found a sparkling altar of Nemelex Xobeh.
  2822 | D:4      | Found a stormy altar of Qazlal.
  2823 | D:4      | Found a shadowy altar of Dithmenos.
  2823 | D:4      | Found a burning altar of Makhleb.
  2823 | D:4      | Found a shimmering altar of Xom.
  2824 | D:4      | Found an ancient bone altar of Kikubaaqudgha.
  2824 | D:4      | Found a radiant altar of Vehumet.
  2825 | D:4      | Found a broken altar of Ashenzari.
  2833 | D:4      | Became a worshipper of the Wu Jian Council
  2857 | Ossuary  | Entered an ossuary
  2857 | Ossuary  | Noticed a weeping skull
  2857 | Ossuary  | Noticed a weeping skull
  2857 | Ossuary  | Noticed a weeping skull
  2901 | Ossuary  | Reached XP level 6. HP: 34/38 MP: 6/6
  2941 | Ossuary  | Reached skill level 5 in Dodging
  3152 | Ossuary  | Reached XP level 7. HP: 31/46 MP: 7/7
  3204 | Ossuary  | Reached skill level 5 in Fighting
  3206 | Ossuary  | Reached skill level 1 in Stealth
  3248 | Ossuary  | Reached skill level 2 in Stealth
  3249 | Ossuary  | Reached * piety under Wu Jian
  3823 | D:4      | Reached skill level 3 in Stealth
  4020 | D:5      | Entered Level 5 of the Dungeon
  4048 | D:5      | Reached skill level 4 in Stealth
  4058 | D:5      | Reached skill level 5 in Stealth
  4058 | D:5      | Reached XP level 8. HP: 24/55 MP: 8/8
  4076 | D:5      | Reached skill level 6 in Stealth
  4087 | D:5      | Reached skill level 7 in Stealth
  4292 | D:5      | Noticed Sigmund
  4314 | D:5      | Killed Sigmund
  4315 | D:5      | Reached skill level 8 in Stealth
  4509 | D:5      | Found Lejodu's Armour Boutique.
  4516 | D:5      | Bought the +0 hat of Experimentation {Regen+} for 154 gold
                  | pieces
  4553 | D:5      | Found a runed translucent gate.
  4553 | D:5      | Found a runed translucent gate.
  4553 | D:5      | Found a runed translucent gate.
  4554 | D:5      | Noticed ezpacito's ghost (novice DsCK)
  4554 | D:5      | Noticed jamsaran's ghost (amateur DgAl)
  4555 | D:5      | Noticed jestert79's ghost (novice CoHs)
  4555 | D:5      | Noticed MadMike78's ghost (novice DrSh)
  4821 | D:6      | Found a glowing golden altar of the Shining One.
  4886 | D:6      | Found a glowing drain.
  4985 | D:6      | Reached skill level 9 in Stealth
  5132 | D:6      | Found a bloodstained altar of Trog.
  5204 | Sewer    | Entered a sewer
  5256 | Sewer    | Reached skill level 10 in Stealth
  5263 | Sewer    | Learned a level 4 spell: Manifold Assault
  5370 | Sewer    | Reached skill level 1 in Evocations
  5646 | Sewer    | Reached ** piety under Wu Jian
  5729 | Sewer    | Reached XP level 9. HP: 61/61 MP: 9/9
  6061 | D:6      | Noticed a wizard
  6063 | D:6      | Killed a wizard
  6272 | D:6      | Found a staircase to the Ecumenical Temple.
  6363 | D:7      | Noticed Pikel
  6374 | D:7      | Slain by a sky beast

Illustrated notes

Levels and vault maps discovered:
D:1:      minmay_arrival_cross, layout_basic
D:2:      layout_basic, kennysheep_generic_room_4
D:3:      layout_basic, minmay_misc_feat_encased, minmay_misc_feat_rows,
          guppyfry_early_lair_pool
D:4:      layout_gridville, nicolae_overflows_in_rows,
          mainiacjoe_overflow_boulevard, enter_ossuary_4, minivault_11,
          grunt_decor_mini_mirrors
D:5:      layout_basic, gammafunk_ghost_cemetery, serial_shops, shop,
          uniq_sigmund
D:6:      layout_loops_cross, mainiacjoe_overflow_chevrons, trog_wizard,
          minmay_temple_entry_fiery, cheibrodos_sewer_entry_drain
D:7:      layout_loops_cross, minmay_the_grid_2x2 [minmay_the_grid_odd_star,
          minmay_the_grid_expand, minmay_the_grid_embedded,
          minmay_the_grid_prize_shrinking_boxes], uniq_pikel, uniq_maggie

Skill      XL: |  1  2  3  4  5  6  7  8  9 |
---------------+----------------------------+-----
Unarmed Combat | 4 5 |  5.0
Dodging        | 3 4 5 |  5.0
Fighting       | 3 5 |  5.0
Stealth        | 5 10 | 10.0
Evocations     | 3 4 |  4.8
Shapeshifting  | |  3.0

Action                     |  1- 3 |  4- 6 |  7- 9 || total
---------------------------+-------+-------+-------++-------
  Melee: Unarmed           |    54 |   123 |   141 ||   318
         Constrict         |    16 |    36 |    29 ||    81
         Tentacles         |     8 |    27 |    29 ||    64
         Punch             |     1 |     9 |     3 ||    13
  Throw: Dart              |       |       |    11 ||    11
Ability: Lunge             |       |     1 |    21 ||    22
         Begin Untransform |       |       |     1 ||     1
  Evoke: Wand              |       |       |     4 ||     4
    Use: Scroll            |       |       |     6 ||     6
         Potion            |       |       |     3 ||     3
   Stab: Sleeping          |       |    15 |    17 ||    32
 Armour: Skin              |    22 |    44 |    83 ||   149
  Dodge: Dodged            |    30 |    55 |    46 ||   131
   Form: Beast             |       |       |     1 ||     1

Table legend: (Time is in decaauts)
 A = Elapsed time spent in this place.
 B = Non-inter-level travel time spent in this place.
 C = Inter-level travel time spent in this place.
 D = Time resting spent in this place.
 E = Time spent auto-exploring this place.
 F = Levels seen in this place.
 G = Mean time per level.
                   A        B        C        D        E       F      G
               +--------+--------+--------+--------+--------+-----+--------+
         Total |   6353 |   6070 |    283 |    195 |   4267 |   9 |  705.9 |
       Dungeon |   5142 |   4859 |    283 |     96 |   3689 |   7 |  734.6 |
         Sewer |    711 |    711 |      0 |      0 |    509 |   1 |  711.0 |
       Ossuary |    499 |    499 |      0 |     99 |     69 |   1 |  499.0 |
               +--------+--------+--------+--------+--------+-----+--------+

Top non-repeatable levels by time:
     D:4: 1124 daAuts
     D:2: 890 daAuts
     D:3: 842 daAuts
     D:6: 816 daAuts
     D:1: 761 daAuts
   Sewer: 711 daAuts
     D:5: 658 daAuts
 Ossuary: 499 daAuts
     D:7: 49 daAuts
